 Dungeon Crawl Stone Soup version 0.18-a0-1702-gd20c6a5 (webtiles) character file.

16480 Ijustatesigmund the Covert (level 12, -2/82 HPs)
             Began as an Octopode Assassin on Apr 7, 2016.
             Was a High Priest of Okawaru.
             Slain by a fire bat (4 damage)
             ... in a volcano.
             The game lasted 01:24:45 (19245 turns).

Ijustatesigmund the Covert (Octopode Assassin)     Turns: 19245, Time: 01:24:46

Health: -2/82      AC:  1    Str: 12    XL:     12   Next: 37%
Magic:  18/18      EV: 17    Int: 14    God:    Okawaru [*****.]
Gold:   1275       SH:  6    Dex: 16    Spells: 1 memorised, 10 levels left

rFire  . . .     SeeInvis +     w - +3 dagger (freeze)
rCold  + + .     Gourm    .     u - +1 buckler
rNeg   . . .     Faith    .     (helmet restricted)
rPois  +         Spirit   .     (no amulet)
rElec  .         Dismiss  .     n - ring of poison resistance
rCorr  .         Reflect  .     m - ring of see invisible
SustAt .         Harm     .     r - ring of protection from cold
MR     +....                    F - ring of protection from cold
Stlth  +++++++...               I - ring of protection from magic
                                (no ring)
                                (no ring)
                                (no ring)

@: about to teleport, studying Maces & Flails, somewhat resistant to hostile
enchantments, extremely stealthy
A: almost no armour, amphibious, 8 rings, constrict 8, camouflage 1, gelatinous
body 1
a: Heroism, Finesse, Renounce Religion


You were in a volcano.
You worshipped Okawaru.
Okawaru was extremely pleased with you.
You were hungry.

You visited 3 branches of the dungeon, and saw 13 of its levels.
You also visited: Bailey and Volcano.

You collected 1275 gold pieces.

Inventory:

Hand Weapons
 b - a +3 blowgun
 o - a +2 short sword
 w - a +3 dagger of freezing (weapon)
 y - a +3 dagger
 S - a +2 flail of protection
Missiles
 a - 9 needles of confusion
 c - 46 poisoned needles
 d - 11 curare-tipped needles
 f - 8 steel javelins
 g - 43 tomahawks of returning
 p - 17 tomahawks
 C - 4 silver tomahawks
 E - a javelin (quivered)
 M - 8 needles of frenzy
Armour
 u - a +1 buckler (worn)
Rods
 L - a +2 rod of inaccuracy (14/14)
   (You found it on level 10 of the Dungeon)
Jewellery
 m - a ring of see invisible (right tentacle)
 n - a ring of poison resistance (left tentacle)
 r - a ring of protection from cold (on tentacle)
 x - an uncursed ring of fire
 F - a ring of protection from cold (on tentacle)
 I - a ring of protection from magic (on tentacle)
Wands
 k - a wand of lightning (7/15)
 z - a wand of random effects (13/48)
 G - a wand of disintegration (2/24)
 K - a wand of polymorph (10/24)
Scrolls
 e - 5 scrolls of teleportation
 q - a scroll of identify
 t - 3 scrolls of remove curse
 D - a scroll of fog
 Q - a scroll of immolation
Potions
 l - 3 potions of mutation
 s - 2 potions of lignification
 v - 6 potions of flight
 A - a potion of ambrosia
Books
 j - Sif Muna's Disquisition on Talismans
   (You found it on level 5 of the Dungeon)

   Spells                             Type                      Level
   a - Infusion                       Charms                       1
 B - a book of Necromancy

   Spells                             Type                      Level
   a - Pain                           Necromancy                   1
   b - Animate Skeleton               Necromancy                   1
   c - Vampiric Draining              Necromancy                   3
   d - Regeneration                   Charms/Necromancy            3
   e - Animate Dead                   Necromancy                   4
   f - Control Undead                 Necromancy                   4
 J - a manual of Maces & Flails
 N - a Young Poisoner's Handbook

   Spells                             Type                      Level
   a - Sting                          Conjuration/Poison           1
   b - Cure Poison                    Poison                       2
   c - Mephitic Cloud                 Conjuration/Poison/Air       3
   d - Olgreb's Toxic Radiance        Poison                       4
   e - Venom Bolt                     Conjuration/Poison           5
Comestibles
 i - 7 meat rations
 H - 9 royal jellies


   Skills:
 - Level 7.8 Fighting
 - Level 9.0 Short Blades
 + Level 7.1 Maces & Flails
 - Level 7.3 Throwing
 - Level 7.3 Dodging
 - Level 13.0 Stealth
 - Level 5.4 Shields
 - Level 8.9 Invocations


You had 10 spell levels left.
You knew the following spells:

 Your Spells              Type           Power        Failure   Level  Hunger
a - Infusion              Chrm           #...         30%         1    ##.....


Dungeon Overview and Level Annotations

Branches:
Dungeon (11/15)            Temple (1/1) D:4            Lair (1/8) D:11
    Orc (0/2) D:10

Altars:
Ashenzari
Cheibriados
Dithmenos
Elyvilon
Fedhas
Gozag
Kikubaaqudgha
Makhleb
Nemelex Xobeh
Okawaru
Pakellas
Qazlal
Ru
Sif Muna
Trog
Vehumet
Xom
Yredelemnul
Zin
The Shining One

Shops:
D:5 [

Annotations:
D:9 dead shit!


Innate Abilities, Weirdness & Mutations

You cannot wear most types of armour.
You are amphibious.
You can wear up to eight rings at the same time.
You can use your tentacles to constrict eight enemies at once.
Your skin changes colour to match your surroundings (Stealth).
Your rubbery body absorbs attacks (AC +1).


Message History

Okawaru accepts your kill.
Your Maces & Flails skill increases to level 7!
Drink which item? (? for menu, Esc to quit)
Okay, then.
Read which item? (? for menu, Esc to quit)
As you read the scroll of teleportation, it crumbles to dust.
You feel strangely unstable. The fire bat barely misses you.
You hit the fire bat but do no damage. You grab the fire bat.
You constrict the fire bat. The fire bat bites you.
You are engulfed in flames.
* * * LOW HITPOINT WARNING * * *
You barely miss the fire bat.
The fire bat is lightly wounded.
You constrict the fire bat. The fire bat completely misses you.
The fire bat struggles to escape constriction.
The molten gargoyle blasts magma at you!
The bolt of magma hits the fire bat.
The fire bat partially resists.
The bolt of magma hits you!
* * * LOW HITPOINT WARNING * * *
You release your grip on the fire bat.
The fire bat bites you.
You die...

#.†((.# #(# #.§≈§≈≈≈≈ #.#
#§≈≈≈≈≈§≈ #.# #.≈≈§≈≈≈≈ #9#
#.§≈≈≈§≈§ #.# #.≈≈≈§≈≈≈ #.#
#..≈≈≈≈≈≈ #b# #..≈≈≈≈≈§
######@########.≈≈≈≈§§§
..........§§....§..§≈..§
≈≈≈≈≈≈≈≈≈§§≈≈≈≈≈≈§§§≈≈≈≈≈§§§.§≈§
≈≈≈≈≈≈≈≈≈§§§≈§≈≈≈§§§§≈≈≈.§§≈≈§≈≈§
≈≈≈≈≈≈≈≈≈≈§§≈≈≈≈≈§§§≈≈§≈§§≈≈§§≈§§
≈≈≈≈≈≈≈≈≈≈§§§≈≈≈≈§≈§≈≈≈≈§≈≈§§≈≈§≈
≈≈≈≈≈≈≈≈≈≈§≈≈≈≈≈≈§≈≈≈≈≈≈≈≈§≈≈≈§..
≈≈≈≈≈≈≈≈≈≈§.§≈§≈§§≈§≈≈≈≈≈≈≈≈§....
≈≈≈≈≈≈≈≈....§§.≈≈≈§≈≈§§..≈≈......


You could see a molten gargoyle and a fire bat.

Vanquished Creatures
  A wizard (D:9)
  A lindwurm (Volcano)
  3 hill giants
  2 deep elf magi (D:7)
  2 ugly things (D:11)
  A komodo dragon (Volcano)
  A two-headed ogre (D:11)
  3 trolls
  Grinder (D:5)
  5 yaks
  2 fire bats (Volcano)
  A hippogriff (D:9)
  A small abomination (D:9)
  Menkaure (D:4)
  2 wargs (D:11)
  A mottled dragon (Volcano)
  Duvessa (D:5)
  A hell hound (Volcano)
  2 black bears
  10 orc warriors
  4 ice beasts
  2 phantoms
  2 sky beasts
  2 eyes of draining
  7 ogres
  3 centaurs
  3 wolves (Lair:1)
  2 crocodiles
  15 big kobolds
  2 gnoll sergeants
  8 giant frogs
  A wyvern zombie (D:8)
  3 scorpions
  Dowan (D:5)
  19 killer bees
  12 wights
  A howler monkey (D:11)
  4 electric eels (D:9)
  4 crimson imps
  2 lava snakes (Volcano)
  A wasp zombie (D:9)
  A giant frog zombie (D:9)
  8 orc priests
  8 jellies
  2 giant frog skeletons
  4 hounds
  Crazy Yiuf (D:2)
  2 centaur skeletons
  2 iguanas (D:8)
  15 orc wizards
  4 worker ants
  A hound zombie (D:6)
  A howler monkey zombie (D:6)
  2 worker ant zombies
  16 adders
  13 gnolls
  A howler monkey skeleton (D:5)
  A shadow imp (D:8)
  5 oozes (D:9)
  An adder zombie (D:7)
  3 worms
  7 giant geckos
  57 orcs
  A ball python (D:5)
  5 bats
  6 giant cockroaches
  20 goblins
  9 hobgoblins
  19 jackals
  5 quokkas
  3 giant newts
  A jackal skeleton (D:6)
  34 kobolds
  2 quokka zombies
  13 rats
413 creatures vanquished.

Vanquished Creatures (others)
  An orc wizard (D:9)
  A kobold (D:9)
  A plant (Lair:1)
3 creatures vanquished.

Grand Total: 416 creatures vanquished

Notes
Turn   | Place    | Note
--------------------------------------------------------------
     0 | D:1      | Ijustatesigmund the Octopode Assassin began the quest for the Orb.
     0 | D:1      | Reached XP level 1. HP: 14/14 MP: 1/1
   145 | D:1      | Reached XP level 2. HP: 18/19 MP: 2/2
   886 | D:2      | Reached XP level 3. HP: 23/24 MP: 3/3
  1012 | D:2      | Reached skill level 6 in Stealth
  1311 | D:2      | Reached XP level 4. HP: 29/29 MP: 4/4
  1337 | D:2      | Noticed Crazy Yiuf
  1343 | D:2      | Killed Crazy Yiuf
  1624 | D:2      | Reached XP level 5. HP: 4/34 MP: 5/5
  2433 | D:3      | Reached skill level 7 in Stealth
  2781 | D:3      | Found a shimmering altar of Xom.
  2839 | D:3      | Found a glowing silver altar of Zin.
  2840 | D:3      | Found an opulent altar of Gozag.
  2984 | D:3      | HP: 1/34 [orc priest/morningstar (12)]
  2985 | D:3      | Reached XP level 6. HP: 1/39 MP: 6/6
  3475 | D:3      | Reached skill level 5 in Fighting
  3475 | D:3      | Reached skill level 10 in Stealth
  3475 | D:3      | Reached skill level 5 in Shields
  3475 | D:3      | Reached XP level 7. HP: 51/51 MP: 7/7
  3757 | D:4      | Noticed Menkaure
  3764 | D:4      | Killed Menkaure
  3932 | D:4      | Found a staircase to the Ecumenical Temple.
  3938 | Temple   | Entered the Ecumenical Temple
  4036 | Temple   | Became a worshipper of Warmaster Okawaru
  4160 | D:4      | Reached skill level 11 in Stealth
  4160 | D:4      | Reached XP level 8. HP: 57/57 MP: 8/8
  4552 | D:5      | Entered Level 5 of the Dungeon
  4769 | D:5      | Found an ancient bone altar of Kikubaaqudgha.
  4770 | D:5      | Found a radiant altar of Vehumet.
  4771 | D:5      | Found a deep blue altar of Sif Muna.
  4778 | D:5      | Identified Sif Muna's Disquisition on Talismans
  4781 | D:5      | Learned a level 1 spell: Infusion
  4824 | D:5      | Noticed Grinder
  4831 | D:5      | Killed Grinder
  4831 | D:5      | Reached skill level 1 in Invocations
  4991 | D:5      | Noticed a moth of wrath
  4993 | D:5      | Found a bloodstained altar of Trog.
  5067 | D:5      | Noticed Dowan
  5090 | D:5      | Killed Dowan
  5113 | D:5      | Noticed Duvessa
  5123 | D:5      | Killed Duvessa
  5123 | D:5      | Reached * piety under Okawaru
  5461 | D:5      | Found Liyt's Antique Armour Boutique.
  5892 | D:6      | Found a bloodstained altar of Trog.
  5996 | D:6      | Reached XP level 9. HP: 24/62 MP: 11/11
  7212 | D:7      | Found a white marble altar of Elyvilon.
  7245 | D:7      | Reached ** piety under Okawaru
  7646 | D:7      | Found a glowing golden altar of the Shining One.
  7646 | D:7      | Noticed a deep elf mage
  7647 | D:7      | Noticed a deep elf mage
  7650 | D:7      | Killed a deep elf mage
  7651 | D:7      | Killed a deep elf mage
  7651 | D:7      | Reached skill level 5 in Invocations
  8245 | D:8      | Reached skill level 5 in Dodging
  8281 | D:8      | Reached *** piety under Okawaru
  8281 | D:8      | Reached XP level 10. HP: 68/68 MP: 14/14
  8329 | D:8      | Gained mutation: You are robust (+10% HP). [potion of mutation]
  8329 | D:8      | Gained mutation: You occasionally shout uncontrollably at your foes. [potion of mutation]
  8329 | D:8      | Gained mutation: You possess an exceptional clarity of mind. [potion of mutation]
  8330 | D:8      | Lost mutation: You possess an exceptional clarity of mind. [potion of cure mutation]
  8330 | D:8      | Lost mutation: You occasionally shout uncontrollably at your foes. [potion of cure mutation]
  8330 | D:8      | Lost mutation: You are robust (+10% HP). [potion of cure mutation]
  9118 | D:8      | Reached skill level 12 in Stealth
  9202 | D:8      | Received a gift from Okawaru
  9896 | D:8      | Reached **** piety under Okawaru
 10391 | D:9      | Noticed a wizard
 10395 | D:9      | Killed a wizard
 10398 | D:9      | Noticed a large abomination
 10609 | D:9      | Found a flagged portal.
 10618 | D:9      | Reached XP level 11. HP: 72/72 MP: 15/15
 10631 | Bailey   | Entered a bailey
 11707 | D:9      | Reached skill level 13 in Stealth
 11754 | D:10     | Entered Level 10 of the Dungeon
 12609 | D:9      | Found a radiant altar of Vehumet.
 12826 | D:9      | Received a gift from Okawaru
 14607 | D:10     | Noticed a hill giant
 14613 | D:10     | Killed a hill giant
 15054 | D:10     | Identified a scroll of acquirement
 15102 | D:10     | Found a staircase to the Orcish Mines.
 15241 | D:10     | Noticed a hill giant
 15260 | D:10     | Killed a hill giant
 15753 | D:11     | Received a gift from Okawaru
 15892 | D:11     | Noticed a hill giant
 15910 | D:11     | Killed a hill giant
 15916 | D:11     | Reached ***** piety under Okawaru
 15955 | D:11     | Noticed a green ugly thing
 15976 | D:11     | Killed a green ugly thing
 16408 | D:11     | Reached XP level 12. HP: 48/81 MP: 18/18
 16769 | D:11     | Received a gift from Okawaru
 17660 | D:11     | Found a staircase to the Lair.
 18234 | Lair:1   | Entered Level 1 of the Lair of Beasts
 18544 | Lair:1   | Found a dark tunnel.
 18549 | Volcano  | Entered a volcano
 18585 | Volcano  | Reached skill level 5 in Maces & Flails
 19042 | Volcano  | Found a burning altar of Makhleb.
 19102 | Volcano  | Received a gift from Okawaru
 19244 | Volcano  | HP: 1/82 [molten gargoyle/bolt of magma (21)]
 19245 | Volcano  | Slain by a fire bat

Vault maps used:
D:1:      lemuel_arrival_room
D:2:      kennysheep_generic_room_10, uniq_crazy_yiuf_cottage
D:3:      grunt_temple_overflow_gold_and_silver, lemuel_doored_altar
D:4:      minmay_temple_entry_enclosed_plants, first_bread, uniq_menkaure
D:5:      grunt_temple_overflow_magic_moments, serial_shops,
          kennysheep_mini_moat, tgw_trog, uniq_duvessa, uniq_grinder
D:6:      nicolae_overflow_crystal_walls
D:7:      marbit_many_paths, david_defended_altar_elf
D:8:      special_room, serial_aquarium, aquarium_bridge_straight,
          aquarium_window_fake, aquarium_window_corridor_2, aquarium_view_2c,
          aquarium_balcony_double_4
D:9:      enter_bailey_3, basic_altar, hangedman_little_slice_of_home,
          laboratory
D:10:     orc_0_dummy, eino_jars, lemuel_flamethrower_2
D:11:     erik_lair_orcish_takeover
Temple:   circular_temple_12
Lair:1:   enter_volcano_4, infiniplex_staircase_pool, grunt_megastairs_3
Bailey:   bailey_axe_4, bailey
Volcano:  volcano_lake

Skill      XL: |  1  2  3  4  5  6  7  8  9 10 11 12 |
---------------+-------------------------------------+-----
Throwing       | 3 4 7 |  7.3
Stealth        | 6 7 10 11 12 13 | 13.0
Short Blades   | 3 6 7 8 9 |  9.0
Fighting       | 5 6 7 |  7.8
Shields        | 5 |  5.4
Invocations    | 2 5 8 |  8.9
Dodging        | 2 5 7 |  7.3
Maces & Flails | 7 |  7.1

Action                   |  1- 3 |  4- 6 |  7- 9 | 10-12 || total
-------------------------+-------+-------+-------+-------++-------
Melee: Dagger            |    45 |    81 |   193 |   447 ||   766
       Short sword       |       |    43 |       |   448 ||   491
       Flail             |       |       |       |    14 ||    14
 Fire: Blowgun           |       |     5 |     9 |    86 ||   100
Throw: Tomahawk          |       |       |     2 |    68 ||    70
       Javelin           |       |       |       |     2 ||     2
Invok: Heroism           |       |       |       |    19 ||    19
       Finesse           |       |       |       |     1 ||     1
Evoke: Wand              |       |       |       |     5 ||     5
  Use: Scroll            |     9 |     5 |     8 |    12 ||    34
       Potion            |       |     2 |     2 |    11 ||    15
 Stab: Sleeping          |    12 |    14 |    21 |    33 ||    80
       Distracted        |       |     2 |     1 |     2 ||     5
       Confused          |       |       |       |     2 ||     2
  Eat: Chunk             |     1 |     7 |     5 |    10 ||    23
       Beef jerky        |       |       |     3 |       ||     3
       Meat ration       |       |       |     1 |       ||     1
       Bread ration      |       |       |       |     4 ||     4
       Royal jelly       |       |       |       |     3 ||     3
       Pizza             |       |       |       |     1 ||     1
       Fruit             |       |       |       |     2 ||     2
